AoeStats
← Guido166

Arena

510351764Analyzed
1v1 RM · 2d ago on Sep 30, 2026· 15m 8s· 2 players
Game mode
Random Map
Map size
Tiny (2 player)
Population
200
Speed
Normal
Resources
Standard
Victory
Conquest
Starting age
Dark Age
Ending age
Imperial Age
RankedLock teamsTeams togetherTeam positionsShared explorationLock speedFull tech treeHidden civsTurbo modeCheats
Victory
Defeat
🇦🇷 Vikings · Argentina
1042
+17
🇦🇷 Spanish · Argentina
1069
-17
COMPACT15
6:30 Loom
10:18 Feudal Age
10:45 Feudal Age
11:19 Double-Bit Axe
11:15 Horse Collar
16:27 Castle Age
14:39 Stone Mining
Guido166
11:03 Feudal Age
11:49 Horse Collar
Connection lost

Rejoining the realm…

Still unreachable

The connection could not be restored.

Session expired

The server has moved on; the page needs a fresh start.